 Dungeon Crawl Stone Soup version 0.28-a0-21-gf74fda84f9 (webtiles) character file.

Game seed: 18029529920060801621

32 flyleaff the Skirmisher (level 3, -6/20 HPs)
             Began as a Vine Stalker Fighter on July 26, 2021.
             Mangled by Natasha (7 damage)
             ... on level 2 of the Dungeon.
             The game lasted 00:02:08 (1460 turns).

flyleaff the Skirmisher (Vine Stalker Fighter)      Turns: 1460, Time: 00:02:09

Health: -6/20      AC:  6    Str: 19    XL:     3   Next: 27%
Magic:  0/4        EV:  7    Int:  8    God:
Gold:   47         SH:  9    Dex: 13    Spells: 0/2 levels left

rFire   . . .      SeeInvis .   a - +0 long sword
rCold   . . .      Faith    .   c - +0 kite shield
rNeg    . . .      Spirit   +   b - +0 scale mail
rPois   .          Reflect  .   (no helmet)
rElec   .          Harm     .   (no cloak)
rCorr   .          Rampage  .   (no gloves)
Will    .....                   (no boots)
Stlth   ..........              (no amulet)
HPRegen 0.06/turn               (no ring)
MPRegen 0.09/turn               (no ring)

@: mighty
A: fangs 2, magic shield, antimagic bite, no potion heal 2
a: no special abilities


You were on level 2 of the Dungeon.
You visited 1 branch of the dungeon, and saw 2 of its levels.

You collected 47 gold pieces.

Inventory:

Hand Weapons
 a - a +0 long sword (weapon)
Armour
 b - a +0 scale mail (worn)
 c - a +0 kite shield (worn)
Scrolls
 e - a scroll of identify {unknown}
 f - a scroll of enchant weapon {unknown}
Potions
 d - a potion of might


   Skills:
 + Level 3.0 Fighting
 + Level 2.1 Long Blades
 + Level 2.7 Armour
 + Level 3.0 Shields


You couldn't memorise any spells.
You knew the following spells:

 Your Spells              Type           Power      Damage    Failure   Level
a - Static Discharge      Conj/Air       0%         N/A       100%        2

Your spell library contained the following spells:

 Spells                   Type           Power      Damage    Failure   Level
 Fireball                 Conj/Fire      0%         3d3       100%        5
 Iskenderun's Battlesphe  Conj           0%         2d6       100%        5
 Lightning Bolt           Conj/Air       0%         1d11      100%        5
 Conjure Ball Lightning   Conj/Air       0%         3x3d6     100%        6
 Orb of Destruction       Conj           0%         N/A       100%        7
 Maxwell's Capacitive Co  Air            0%         ∞         100%        8


Dungeon Overview and Level Annotations

Branches:
Dungeon (2/15)

Altars:

Annotations:
D:2 Natasha


Innate Abilities, Weirdness & Mutations

You have extremely sharp teeth.
When hurt, damage is shared between your health and your magic reserves.
Your bite disrupts and absorbs the magic of your enemies.
Potions cannot restore your health.


Message History

You resist with some effort.
A kobold comes into view. It is wielding a +0 short sword.
The kobold shouts!
You hear a bark!
Natasha casts a spell at you. The magic dart hits you!
The kobold moves out of view.
You closely miss Natasha. You bite Natasha.
Natasha's magic leaks into the air.
You drain her magic.
You feel invigorated.
Natasha is lightly wounded.
You block Natasha's attack.
A jackal comes into view.
You block Natasha's attack.
You hit Natasha. Your bite misses Natasha.
Natasha is heavily wounded.
Natasha closely misses you.
You barely miss Natasha. Your bite misses Natasha.
Natasha is heavily wounded.
Natasha claws you. You block Natasha's attack.
You are too injured to fight recklessly!
You are too injured to fight recklessly!
You closely miss Natasha. Your bite misses Natasha.
Natasha is heavily wounded.
Natasha hisses.
Natasha stares at you and mumbles some strange words.
You resist with some effort.
You feel very mighty all of a sudden. Natasha claws you.
* * * LOW HITPOINT WARNING * * *
You closely miss Natasha. You bite Natasha.
Natasha's magic leaks into the air.
You drain her magic.
You feel invigorated.
Natasha is heavily wounded.
Natasha wildly gestures.
You feel disoriented. Natasha claws you but does no damage.
Natasha stares at you and mumbles some strange words.
The magic dart hits you.
* * * LOW HITPOINT WARNING * * *
You barely miss Natasha.
Natasha is heavily wounded.
Natasha claws you!
You die...

#...##..##...#.###.#
#..<....###.##.# #.#
#..###.#.##.#..#
#.###.# #..
##.#.#.####.....#
#.. #. ##.#.#### ...
# #.###.. #.# ####.
##.#.### #.
......###.## #.
.....Kh@...#
...#.h###..# #. #..#
.. ..... #. #..###
.. #..# . ...# #.#


You could see Natasha, a jackal and a kobold.

Vanquished Creatures
  A worm (D:2)
  2 ball pythons (D:1)
  3 endoplasms (D:1)
  3 giant cockroaches
  4 goblins
  2 hobgoblins (D:1)
  3 jackals (D:1)
  A kobold (D:1)
  2 quokkas (D:1)
  A bat (D:1)
  3 rats
25 creatures vanquished.

Notes
Turn   | Place    | Note
-------+----------+-------------------------------------------
     0 | D:1      | flyleaff the Vine Stalker Fighter began the quest for the
                  | Orb.
     0 | D:1      | Reached XP level 1. HP: 11/11 MP: 2/2
   153 | D:1      | Found a faded altar of an unknown god.
   163 | D:1      | Reached XP level 2. HP: 16/16 MP: 3/3
   784 | D:1      | Reached XP level 3. HP: 20/20 MP: 4/4
  1278 | D:1      | Learned a level 2 spell: Static Discharge
  1451 | D:2      | Noticed Natasha
  1459 | D:2      | HP: 1/20 [Natasha/magic dart (2)]
  1460 | D:2      | Mangled by Natasha

Illustrated notes

Levels and vault maps discovered:
D:1:      nicolae_arrival_washed_ashore, layout_basic,
          hellmonk_ecumenical_altar_dog_temple, glass_columns_c
D:2:      layout_loops_ring, uniq_natasha

Skill      XL: |  1  2 |
---------------+-------+-----
Long Blades    | 2 |  2.1
Fighting       | 3 |  3.0
Shields        | 3 |  3.0
Armour         | |  2.7

Action                   || total
-------------------------++-------
Melee: Long sword        ||    68
       Bite              ||    20
  Use: Potion            ||     1
Armor: Scale mail        ||    22
Dodge: Dodged            ||    22
Block: Kite shield       ||    32
       Rpst.: Long sword ||     6

Table legend: (Time is in decaauts)
 A = Elapsed time spent in this place.
 B = Non-inter-level travel time spent in this place.
 C = Inter-level travel time spent in this place.
 D = Time resting spent in this place.
 E = Time spent auto-exploring this place.
 F = Levels seen in this place.
 G = Mean time per level.
                   A        B        C        D        E       F      G
               +--------+--------+--------+--------+--------+-----+--------+
         Total |   1496 |   1481 |     15 |      0 |   1295 |   2 |  748.0 |
       Dungeon |   1496 |   1481 |     15 |      0 |   1295 |   2 |  748.0 |
               +--------+--------+--------+--------+--------+-----+--------+

Top non-repeatable levels by time:
     D:1: 1317 daAuts
     D:2: 179 daAuts
